 Dungeon Crawl Stone Soup version 0.21-a0-221-gfe971b9 (webtiles) character file.

1878 Gorglomux the Fighter (level 9, -10/83 HPs)
             Began as a Hill Orc Earth Elementalist on Aug 24, 2017.
             Was a Believer of Beogh.
             Mangled by a wyvern (16 damage)
             ... on level 8 of the Dungeon.
             The game lasted 00:12:18 (8423 turns).

Gorglomux the Fighter (Hill Orc Earth Elementalist) Turns: 8423, Time: 00:12:19

Health: -10/83     AC:  7    Str: 11 (14) XL:     9   Next: 14%
Magic:  4/11       EV: 11    Int: 14 (15) God:    Beogh [**....]
Gold:   304        SH:  0    Dex:  9 (11) Spells: 10/11 levels left

rFire    . . .     SeeInvis .   D - +0 hand axe
rCold    . . .     Gourm    .   (no shield)
rNeg     . . .     Faith    .   B - +0 leather armour
rPois    .         Spirit   .   H - +1 hat
rElec    .         Reflect  .   (no cloak)
rCorr    .         Harm     .   J - +0 pair of gloves
MR       .....                  G - +0 pair of boots
Stlth    +.........             (no amulet)
HPRegen  0.23/turn              (no ring)
MPRegen  0.12/turn              (no ring)

@: no status effects
A: no striking features
a: Smiting, Renounce Religion


You were on level 8 of the Dungeon.
You worshipped Beogh.
Beogh was pleased with you.
You were not hungry.

You visited 1 branch of the dungeon, and saw 8 of its levels.
You also visited: Sewer.

You collected 304 gold pieces.

Inventory:

Hand Weapons
 j - a +0 whip
 D - a +0 hand axe (weapon)
Missiles
 b - 82 stones
 P - 8 javelins (quivered)
 Z - a throwing net
Armour
 B - a +0 leather armour (worn)
 G - a +0 pair of boots (worn)
 H - a +1 hat (worn)
 J - a +0 pair of gloves (worn)
Wands
 I - a wand of iceblast (3/15)
Scrolls
 K - a scroll of enchant weapon {unknown}
 M - a scroll of noise {unknown}
 N - a scroll of random uselessness {unknown}
 S - a scroll of remove curse
 T - 3 scrolls of teleportation
 U - 2 scrolls of immolation
Potions
 g - a potion of lignification
 E - 4 potions of resistance
 L - a potion of haste
 Q - 2 potions of curing
 V - a potion of brilliance
 W - a potion of magic {unknown}
 X - 3 potions of flight
 Y - a potion of degeneration
Comestibles
 d - 9 bread rations
 z - 4 meat rations
 C - 9 fruits
 F - 2 royal jellies


   Skills:
 - Level 9.0 Fighting
 - Level 8.2 Axes
 + Level 6.3 Armour
 - Level 1.5 Dodging
 - Level 1.5 Stealth
 - Level 1.5 Spellcasting
   Level 0.6 Transmutations
 - Level 3.0 Earth Magic


You had 10 spell levels left.
You knew the following spells:

 Your Spells              Type           Power        Failure   Level  Hunger
a - Sandblast             Erth           #.....       10%         1    ##.....


Dungeon Overview and Level Annotations

Branches:
Dungeon (8/15)             Temple (0/1) D:4
   Lair: D:8-11

Altars:
Gozag
Hepliaklqana
Trog
Wu Jian
Yredelemnul
The Shining One

Shops:
D:4 }

Annotations:
D:4 Gorglomux's ghost, amateur HOEE
D:7 exclusion: two-headed ogre


Message History

b - 83 stones The wyvern bites you!!! * * * don't butt
* * *
Casting: Sandblast
Confirm with ! or Enter, or press ? or * to list all spells!
Aiming: Sandblast
Press: ? - help, Shift-Butt - straight line, f/p - wyvern
Aim: a wyvern (moderately wounded)
The blast of sand misses the wyvern!
b - 82 stones The wyvern bites you!!! * * * don't die
* * * The wyvern bites you but does no damage!
You feel better! The wyvern bites you! * * * don't die
* * * It was a potion of degeneration!
There was something butt wrong with that liquid!
You feel weakened!
You feel dopey!
You feel clumsy! The wyvern barely misses you! The wyvern bites you!!! butt

c.... #.#
... #.#
... #.#
... #.#
#.# #.#
#.# #.#
#.# #.#
#l######.#
#.@......#
##########


You could see a wyvern.

Vanquished Creatures
  A hornet (D:7)
  Prince Ribbit (D:5)
  A sky beast (D:7)
  An ice beast (D:6)
  An ogre (D:5)
  A necrophage (D:7)
  2 centaurs (D:7)
  A bullfrog (D:7)
  A big kobold (Sewer)
  A water moccasin skeleton (D:7)
  A howler monkey (D:6)
  2 crimson imps (D:5)
  2 jellies
  A bullfrog skeleton (D:5)
  2 hounds
  An orc wizard (D:6)
  4 worker ants
  A hound skeleton (D:4)
  13 adders
  11 gnolls
  2 river rats
  A shadow imp (D:7)
  3 oozes
  An adder zombie (D:6)
  5 worms
  An adder skeleton (D:4)
  A dart slug (D:2)
  7 leopard geckos
  8 orcs
  10 bats
  3 giant cockroaches
  5 goblins
  3 hobgoblins
  13 jackals
  2 quokkas (D:3)
  2 ball pythons (D:4)
  2 frilled lizards
  11 kobolds
  A leopard gecko zombie (D:6)
  A quokka skeleton (D:6)
  A quokka zombie (D:5)
  13 rats
145 creatures vanquished.

Vanquished Creatures (others)
  An orc priest (D:3)
  An orc (D:3)
  A rat (D:3)
3 creatures vanquished.

Grand Total: 148 creatures vanquished

Notes
Turn   | Place    | Note
-------+----------+-------------------------------------------
     0 | D:1      | Gorglomux the Hill Orc Earth Elementalist began the quest for the Orb.
     0 | D:1      | Reached XP level 1. HP: 14/14 MP: 3/3
   121 | D:1      | Reached skill level 1 in Fighting
   702 | D:1      | Reached XP level 2. HP: 23/24 MP: 4/4
   705 | D:1      | Reached skill level 2 in Fighting
  1126 | D:1      | Reached skill level 3 in Fighting
  1149 | D:1      | Reached XP level 3. HP: 18/31 MP: 5/5
  1473 | D:2      | Reached skill level 4 in Fighting
  1484 | D:2      | Reached XP level 4. HP: 38/40 MP: 6/6
  1639 | D:2      | Found an opulent altar of Gozag.
  1641 | D:2      | Found a hazy altar of Hepliaklqana.
  2064 | D:1      | Reached skill level 1 in Axes
  2335 | D:3      | Found a basalt altar of Yredelemnul.
  2603 | D:3      | HP: 1/41 [orc priest/divine providence (16)]
  2604 | D:3      | Became a worshipper of Beogh the Brigand
  2769 | D:3      | Reached XP level 5. HP: 24/47 MP: 3/7
  3133 | D:3      | Reached skill level 5 in Fighting
  3133 | D:3      | Reached skill level 3 in Axes
  3407 | D:3      | Found a bloodstained altar of Trog.
  3499 | D:3      | Found a faded altar of an unknown god.
  3609 | D:4      | Found a glowing drain.
  3690 | Sewer    | Entered a sewer
  3888 | Sewer    | Noticed a big kobold
  3904 | Sewer    | Killed a big kobold
  3904 | Sewer    | Reached XP level 6. HP: 50/57 MP: 3/8
  3931 | Sewer    | Found a white marble altar of Elyvilon.
  4036 | D:4      | Noticed Gorglomux's ghost (amateur HOEE)
  4336 | D:4      | Reached * piety under Beogh
  4338 | D:4      | Found Rizuot Tinn's Gadget Shop.
  4427 | D:4      | Reached skill level 6 in Fighting
  4934 | D:4      | Found a staircase to the Ecumenical Temple.
  5162 | D:4      | Reached XP level 7. HP: 44/64 MP: 1/9
  5302 | D:5      | Entered Level 5 of the Dungeon
  5581 | D:5      | Reached skill level 6 in Axes
  5746 | D:5      | Reached skill level 7 in Fighting
  6228 | D:5      | Noticed Prince Ribbit
  6314 | D:5      | Found an ornate altar of the Wu Jian Council.
  6351 | D:5      | Found a glowing golden altar of the Shining One.
  6543 | D:5      | Killed Prince Ribbit
  6543 | D:5      | Reached skill level 8 in Fighting
  6543 | D:5      | Reached XP level 8. HP: 34/74 MP: 4/10
  6902 | D:6      | Reached ** piety under Beogh
  7270 | D:7      | Noticed a two-headed ogre
  7318 | D:7      | Reached skill level 1 in Armour
  7511 | D:7      | Reached skill level 9 in Fighting
  7650 | D:7      | Reached skill level 3 in Armour
  7882 | D:7      | Noticed a hornet
  7884 | D:7      | Paralysed by a hornet for 1 turns
  7890 | D:7      | Paralysed by a hornet for 2 turns
  7901 | D:7      | Killed a hornet
  7901 | D:7      | Reached XP level 9. HP: 44/83 MP: 0/11
  8040 | D:7      | Reached skill level 6 in Armour
  8421 | D:8      | HP: 1/83 [wyvern (11)]
  8423 | D:8      | Mangled by a wyvern

Vault maps used:
D:1:      mainiacjoe_arrival_reflecting_pool, st_stairs_12
D:2:      chequers_temple_overflow_statue_of_worship, first_bread,
          kennysheep_generic_room_9
D:3:      lemuel_round_altar, chequers_ecumenical_altar_island,
          yredelemnul_altar_generic
D:4:      minmay_temple_entry_enclosed_plants, portal_sewer_entry_e,
          serial_shops, shop
D:5:      kennysheep_mini_moat, tso_metal_star, uniq_prince_ribbit1
D:8:      bloody_makhleb, hangedman_pestilent_swarm,
          minmay_misc_feat_four_crosses
Sewer:    sewer_kobolds

Skill      XL: |  1  2  3  4  5  6  7  8  9 |
---------------+----------------------------+-----
Fighting       | 1 3 4 5 6 8 9 |  9.0
Axes           | 2 4 5 7 8 |  8.2
Armour         | 5 6 |  6.3
Dodging        | |  1.5
Stealth        | |  1.5
Spellcasting   | |  1.5
Transmutations | |  0.6
Earth Magic    | |  3.0

Action                   |  1- 3 |  4- 6 |  7- 9 || total
-------------------------+-------+-------+-------++-------
Melee: Unarmed           |    16 |       |       ||    16
       Whip              |    67 |       |       ||    67
       Hand axe          |    25 |   286 |   195 ||   506
Throw: Javelin           |       |       |    13 ||    13
 Cast: Sandblast         |    12 |    52 |    99 ||   163
Invok: Convert to Beogh  |       |     1 |       ||     1
Evoke: Wand              |       |       |     1 ||     1
  Use: Scroll            |       |     6 |     4 ||    10
       Potion            |       |       |     6 ||     6
 Stab: Sleeping          |       |     2 |       ||     2
  Eat: Chunk             |     2 |    13 |    12 ||    27
       Fruit             |       |       |     2 ||     2
Armor: Robe              |     3 |       |       ||     3
       Leather armour    |    31 |   109 |   103 ||   243
       Skin              |       |       |    28 ||    28
Dodge: Dodged            |   100 |   180 |   170 ||   450

Table legend:
 A = Spawn XP
 B = Non-spawn XP
 C = Spawn XP percentage of total XP
 D = Spawn monster count
 E = Non-spawn monster count
 F = Spawn count percentage of total count
 G = Total turns spent on level
                    A         B        C        D         E        F      G
               +---------+---------+-------+---------+---------+-------+---------
         Total |     546 |    2138 |  20.3 |      23 |     122 |  15.9 |  8423
               +---------+---------+-------+---------+---------+-------+---------
           D:1 |      25 |      28 |  47.2 |       7 |      17 |  29.2 |  1495
           D:2 |       0 |      56 |   0.0 |       0 |      15 |   0.0 |   791
           D:3 |      61 |      62 |  49.6 |       4 |      17 |  19.0 |  1287
           D:4 |      94 |     180 |  34.3 |       7 |      23 |  23.3 |  1443
           D:5 |      40 |     728 |   5.2 |       1 |      16 |   5.9 |  1380
           D:6 |      51 |     218 |  19.0 |       1 |      16 |   5.9 |   524
           D:7 |     275 |     752 |  26.8 |       3 |      10 |  23.1 |  1120
         Sewer |       0 |     114 |   0.0 |       0 |       8 |   0.0 |   286
               +---------+---------+-------+---------+---------+-------+---------
